 Dungeon Crawl Stone Soup version 0.29.0-11-gd7f09526c8 (webtiles) character file.

Game seed: 5769341844069014906

2689 Zeldest the Grappler (level 10, 0/109 HPs)
             Began as a Meteoran Warper on Sept 3, 2022.
             Was a Follower of Wu Jian.
             Slain by a killer bee (2 damage)
             ... on level 9 of the Dungeon.
             The game lasted 00:21:08 (3615 turns).

Zeldest the Grappler (Meteoran Warper)              Turns: 3615, Time: 00:21:08

Health: 0/109      AC: 25    Str: 17    XL:     10   Next: 17%
Magic:  14/15      EV:  2    Int: 21    God:    Wu Jian [*.....]
Gold:   127        SH:  0    Dex: 14    Spells: 8/14 levels left

rFire   . . .      SeeInvis .     - Unarmed
rCold   . . .      Faith    .   (no shield)
rNeg    . . .      Spirit   .   (body armour currently unavailable)
rPois   +          Reflect  .   (helmet currently unavailable)
rElec   .          Harm     .   (cloak currently unavailable)
rCorr   .          Rampage  .   (gloves currently unavailable)
Will    +....      NoTele   +   (boots currently unavailable)
Stlth   +.........              (no amulet)
HPRegen 0.28/turn               l - +6 ring of intelligence
MPRegen 0.14/turn               (no ring)

@: lethally poisoned (0 -> -4), tree-form, attractive, glowing
A: stationary, stasis, torment immunity, boosted hp, sense surroundings 2,
otherworldly, glowing, explore regen
a: Renounce Religion


You were on level 9 of the Dungeon.
You worshipped Wu Jian.
Wu Jian was aware of your devotion.
You were a tree.
You visited 2 branches of the dungeon, and saw 10 of its levels.

You collected 280 gold pieces.
You spent 153 gold pieces at shops.

Inventory:

Hand Weapons
 a - a +0 spear of venom
Missiles
 c - 7 boomerangs of dispersal
 s - a throwing net
Armour
 j - the +2 robe of Apathy {rC+ Int+6 Stlth-}
   (You bought it in a shop on level 6 of the Dungeon)

   Int:       It affects your intelligence (+6).
   rC:        It protects you from cold.
   Stlth:     It makes you less stealthy.
 q - a +0 helmet (melded)
 x - +0 acid dragon scales (melded)
Jewellery
 l - a +6 ring of intelligence (left branch)
Wands
 e - a wand of polymorph (7)
 i - a wand of digging (4)
 m - a wand of paralysis (2)
 t - a wand of flame (40)
 v - a wand of mindburst (10)
Scrolls
 n - a scroll of amnesia {unknown}
 p - 3 scrolls of vulnerability
 r - a scroll of poison {unknown}
Potions
 d - a potion of invisibility
 f - a potion of attraction
 h - a potion of brilliance
 o - a potion of mutation {unknown}
 u - a potion of berserk rage {unknown}
 w - a potion of flight


   Skills:
 - Level 2.1 Fighting
 - Level 1.2 Throwing
 + Level 4.8 Armour
 - Level 2.4 Dodging
 * Level 10.5 Unarmed Combat
 - Level 2.6 Spellcasting
 * Level 9.9 Translocations
 + Level 4.6 Transmutations


You had 8 spell levels left.
You knew the following spells:

 Your Spells              Type           Power      Damage    Failure   Level
a - Blink                 Tloc           88%        N/A       1%          2
b - Passage of Golubria   Tloc           44%        N/A       2%          4

Your spell library contained the following spells:

 Spells                   Type           Power      Damage    Failure   Level
 Gell's Gravitas          Tloc           44%        N/A       1%          3
 Lesser Beckoning         Tloc           44%        N/A       1%          3
 Teleport Other           Tloc           44%        N/A       1%          3
 Manifold Assault         Tloc           44%        N/A       6%          5
 Magic Dart               Conj           8%         1d3       14%         1
 Necrotise                Necr           8%         1d4       14%         1
 Call Imp                 Summ           2%         N/A       21%         2
 Inner Flame              Hex/Fire       2%         N/A       38%         3
 Mephitic Cloud           Conj/Pois/Air  2%         N/A       38%         3
 Tukima's Dance           Hex            2%         N/A       38%         3
 Vampiric Draining        Necr           2%         2d6       38%         3
 Anguish                  Hex/Necr       1%         N/A       80%         4
 Cause Fear               Hex            1%         N/A       80%         4
 Yara's Violent Unravell  Hex/Tmut       6%         3d5       82%         5
 Agony                    Necr           2%         N/A       98%         5
 Enfeeble                 Hex            1%         N/A       100%        7
 Discord                  Hex            1%         N/A       100%        8


Dungeon Overview and Level Annotations

Branches:
Dungeon (9/15) Zot: 1974   Temple (1/1) D:7 Zot: 529     Orc (0/2) D:9
   Lair: D:8-11

Altars:
Cheibriados
Dithmenos
Elyvilon
Hepliaklqana
Makhleb
Okawaru
Wu Jian
Zin

Shops:
D:6 [(

Annotations:
D:4 2 runed translucent doors, Zeldest's ghost, amateur NaSu


Innate Abilities, Weirdness & Mutations

You are a tree.
Your roots penetrate the ground, keeping you stationary.
You cannot be teleported.
You are immune to unholy pain and torment.
Your maximum health is greatly increased.
Your equipment is partially melded.
You passively map the area around you.
You are easily found by Zot.
You glow in the dark.
You regain HP and MP as you explore.


Message History

* * * LOW HITPOINT WARNING * * *
The orc barely misses you. The killer bee barely misses you.
You spin and attack the orc.
You hit the orc. You punch the orc.
You kill the orc!
The Council accepts your kill.
You feel sick.
The orc priest looks braver for a moment.
The killer bee stings you.
* * * LOW HITPOINT WARNING * * *
You are lethally poisoned!
The killer bee poisons you!
Really quaff the potion of lignification?
You turn into a tree.
Your +0 helmet melds into your body.
Your +0 acid dragon scales melds into your body.
Your roots penetrate the ground.
Your attacks no longer feel as feeble.
* * * LOW HITPOINT WARNING * * *
You feel very sick.
The killer bee stings you but does no damage.
The orc hits you but does no damage.
The killer bee stings you but does no damage.
You hit the killer bee.
The killer bee is poisoned.
The killer bee is lightly wounded.
* * * LOW HITPOINT WARNING * * *
You feel very sick.
The killer bee stings you but does no damage.
The orc hits you but does no damage.
The killer bee stings you but does no damage.
You barely miss the killer bee.
The killer bee is moderately wounded.
* * * LOW HITPOINT WARNING * * *
You feel sick.
The killer bee stings you but does no damage.
The orc hits you but does no damage.
The killer bee stings you but does no damage.
Your +0 spear of venom stops dripping with poison.
You are now empty-handed.
* * * LOW HITPOINT WARNING * * *
You feel sick. The killer bee stings you.
You die...

* * , , , * , * . *
,#.8 8 ########....
##oo......#,8, ,
#♣yg......# ,
#.#o###.###*
################.#.#*
.#*
...................#
,.# *
.............<..##..
.. , , ,
................##.#,
§. ,
.<..............##.#
, *,. *
.........)).....#
.#** * ,
................#* *,


You could see a gnoll bouda, a killer bee (very poisoned), an orc priest and 2
orcs.

Vanquished Creatures
  Maggie (D:8)
  A hornet (D:9)
  Prince Ribbit (D:8)
  A wraith (D:9)
  Eustachio (D:6)
  An acid dragon (D:8)
  An ice beast (D:7)
  A sky beast (D:8)
  2 ogres
  A centaur (D:5)
  Blork the orc (D:6)
  A gnoll sergeant (D:8)
  3 scorpions
  A necrophage (D:7)
  2 killer bees (D:9)
  2 howler monkeys (D:9)
  5 orc priests
  4 hounds
  A gnoll bouda (D:6)
  An orc wizard (D:7)
  17 gnolls
  5 adders
  A shadow imp (D:5)
  5 white imps
  6 ufetubi
  2 dart slugs
  15 orcs
  4 endoplasms
  2 giant cockroaches
  5 hobgoblins
  7 jackals
  2 ball pythons
  A bat (D:2)
  A frilled lizard (D:3)
  A goblin (D:4)
  6 kobolds
  2 rats (D:2)
114 creatures vanquished.

Vanquished Creatures (others)
  2 demonic plants (D:5)
2 creatures vanquished.

Grand Total: 116 creatures vanquished

Notes
Turn   | Place    | Note
-------+----------+-------------------------------------------
     0 | D:1      | Zeldest the Meteoran Warper began the quest for the Orb.
     0 | D:1      | Reached XP level 1. HP: 17/17 MP: 5/5
    31 | D:2      | Reached skill level 3 in Unarmed Combat
    31 | D:2      | Reached XP level 2. HP: 16/24 MP: 6/6
   166 | D:3      | Reached skill level 4 in Unarmed Combat
   166 | D:3      | Reached XP level 3. HP: 19/29 MP: 8/8
   267 | D:3      | Reached XP level 4. HP: 24/36 MP: 9/9
   371 | D:4      | Reached skill level 5 in Unarmed Combat
   675 | D:4      | Found a large runed translucent door.
   675 | D:4      | Found a large runed translucent door.
   681 | D:4      | Noticed Zeldest's ghost (amateur NaSu)
   710 | D:4      | Reached XP level 5. HP: 21/41 MP: 10/10
   967 | D:4      | You fall into a shaft and drop 2 floors!
   972 | D:6      | Noticed Blork the orc
   981 | D:6      | Killed Blork the orc
   982 | D:6      | Reached skill level 6 in Unarmed Combat
   982 | D:6      | Reached XP level 6. HP: 48/48 MP: 11/11
  1016 | D:6      | Reached skill level 5 in Translocations
  1066 | D:5      | Entered Level 5 of the Dungeon
  1143 | D:6      | Noticed an orc warrior
  1182 | D:5      | Reached XP level 7. HP: 40/55 MP: 12/12
  1332 | D:5      | Reached skill level 7 in Unarmed Combat
  1704 | D:5      | Reached XP level 8. HP: 45/61 MP: 13/13
  1822 | D:6      | Found a burning altar of Makhleb.
  1839 | D:6      | Found Weuteorch's Antique Weapon Boutique.
  1991 | D:6      | Learned a level 2 spell: Blink
  2065 | D:6      | Found an iron altar of Okawaru.
  2097 | D:6      | Found Pemyelad's Antique Armour Emporium.
  2106 | D:6      | Bought an ancient robe for 153 gold pieces
  2106 | D:6      | Identified the +2 robe of Apathy {rC+ Int+6 Stlth-} (You
                  | bought it in a shop on level 6 of the Dungeon)
  2123 | D:6      | Learned a level 4 spell: Passage of Golubria
  2155 | D:7      | Found a staircase to the Ecumenical Temple.
  2164 | Temple   | Entered the Ecumenical Temple
  2210 | Temple   | Became a worshipper of the Wu Jian Council
  2244 | D:7      | Reached skill level 8 in Unarmed Combat
  2310 | D:7      | Reached skill level 1 in Transmutations
  2382 | D:7      | Noticed a steam dragon
  2860 | D:6      | Noticed Eustachio
  2885 | D:6      | Gained mutation: You passively map the area around you.
                  | [Meteoran growth]
  2885 | D:6      | Reached XP level 9. HP: 22/67 MP: 14/14
  2892 | D:6      | Killed Eustachio
  2893 | D:6      | Reached skill level 9 in Unarmed Combat
  2973 | D:8      | Noticed Maggie
  2983 | D:8      | Killed Maggie
  3194 | D:9      | Noticed a hornet
  3203 | D:9      | Killed a hornet
  3353 | D:9      | Reached skill level 10 in Unarmed Combat
  3444 | D:8      | Noticed Prince Ribbit
  3464 | D:8      | Killed Prince Ribbit
  3465 | D:8      | Reached XP level 10. HP: 34/73 MP: 15/15
  3518 | D:8      | Reached * piety under Wu Jian
  3613 | D:9      | HP: 5/109 [poisoned by a killer bee]
  3615 | D:9      | HP: 2/109 [poisoned by a killer bee]
  3615 | D:9      | Slain by a killer bee

Illustrated notes

Levels and vault maps discovered:
D:1:      tarquinn_simple_flora_water_c, layout_loops_cross
D:2:      layout_loops_corners, uniq_natasha
D:3:      layout_basic
D:4:      layout_basic, ebering_ghost_disaster_area
D:5:      layout_loops_corners, serial_demonic, serial_demonic_a,
          serial_demonic_b, serial_demonic_d, serial_demonic_b
D:6:      layout_loops_cross, lightli_temple_of_fire, okawaru_altar_gauntlet_db,
          serial_shops, shop, nicolae_shop_trees, shop_fountains,
          uniq_blork_the_orc, uniq_eustachio
D:7:      layout_gridville, minmay_temple_entry_gardened_gates,
          kennysheep_generic_room_14
D:8:      layout_basic, kennysheep_dice, uniq_maggie, uniq_prince_ribbit1
D:9:      layout_small_grid, hiddenorc2_lemuel, minmay_chambers_of_fives,
          uniq_pikel
Temple:   nicolae_temple_slightly_damp_pantheon

Skill      XL: |  1  2  3  4  5  6  7  8  9 |
---------------+----------------------------+-----
Unarmed Combat | 3 4 5 6 7 8 10 | 10.5
Translocations | 4 5 6 8 9 |  9.9
Transmutations | 2 4 |  4.6
Armour         | 2 4 |  4.8
Fighting       | |  2.1
Throwing       | |  1.2
Dodging        | |  2.4
Spellcasting   | |  2.6

Action                   |  1- 3 |  4- 6 |  7- 9 | 10-12 || total
-------------------------+-------+-------+-------+-------++-------
Melee: Unarmed           |    89 |   122 |   341 |    15 ||   567
       Punch             |     3 |     4 |    15 |     4 ||    26
       Spear             |       |       |       |    37 ||    37
 Cast: Passage of Golubr |       |       |     3 |       ||     3
       Blink             |       |       |       |     1 ||     1
Invok: Lunge             |       |       |     4 |     3 ||     7
       Whirlwind         |       |       |       |    33 ||    33
Evoke: Wand              |       |     5 |    19 |     1 ||    25
  Use: Scroll            |       |     1 |     8 |     1 ||    10
       Potion            |       |       |     6 |     4 ||    10
 Stab: Paralysed         |       |    11 |    14 |     2 ||    27
Armor: Leather armour    |    47 |       |       |       ||    47
       Scale mail        |       |    38 |    99 |       ||   137
       Robe              |       |       |    19 |       ||    19
       Skin              |       |       |    12 |     9 ||    21
       Acid dragon scale |       |       |    19 |    19 ||    38
Dodge: Dodged            |    65 |    41 |   181 |    27 ||   314
